 Dungeon Crawl Stone Soup version 0.19-a0-1712-gff403d4 (webtiles) character file.

53 Athtar123 the Insei (level 3, 0/31 HPs)
             Began as a Draconian Monk on Sept 28, 2016.
             Slain by a howler monkey (4 damage)
             ... on level 3 of the Dungeon.
             The game lasted 00:01:18 (1100 turns).

Athtar123 the Insei (Draconian Monk)                Turns: 1100, Time: 00:01:19

Health: 0/31       AC:  6    Str: 13    XL:     3   Next: 62%
Magic:  3/3        EV: 13    Int: 10    God:
Gold:   113        SH:  0    Dex: 14    Spells: 0 memorised, 2 levels left

rFire  + . .     SeeInvis .       - Unarmed
rCold  x . .     Gourm    .     (armour unavailable)
rNeg   . . .     Faith    .     (no shield)
rPois  .         Spirit   .     (helmet restricted)
rElec  .         Dismiss  .     (no cloak)
rCorr  .         Reflect  .     (no gloves)
MR     .....     Harm     .     (no boots)
Stlth  ++........               (no amulet)
                                (no ring)
                                d - ring of fire

@: no status effects
A: unfitting armour, cold-blooded, AC +5
a: no special abilities


You were on level 3 of the Dungeon.
You were not hungry.

You visited 1 branch of the dungeon, and saw 3 of its levels.

You collected 113 gold pieces.

Inventory:

Missiles
 p - 2 javelins (quivered)
Jewellery
 d - a ring of fire (left hand)
Scrolls
 b - 4 scrolls of amnesia {unknown}
 c - a scroll of recharging {unknown}
 e - a scroll of teleportation {unknown}
 i - a scroll of remove curse {unknown}
 j - a scroll of fog {unknown}
 l - a scroll of identify {unknown}
Potions
 f - a potion of magic {unknown}
 h - a potion of flight {unknown}
 k - a potion of curing {unknown}
 o - a potion of heal wounds {unknown}
Comestibles
 a - 4 bread rations
 g - a meat ration
 m - 4 chunks of flesh
 n - a beef jerky


   Skills:
 - Level 3.2 Fighting
 - Level 2.6 Dodging
 - Level 1.7 Stealth
 + Level 4.6 Unarmed Combat


You had 2 spell levels left.
You didn't know any spells.

Dungeon Overview and Level Annotations

Branches:
Dungeon (3/15)

Altars:
Dithmenos
Trog

Annotations:
D:2 Robin


Innate Abilities, Weirdness & Mutations

Your plain brown scales are hard. (AC +5)
You cannot fit into any form of body armour.
You are cold-blooded and may be slowed by cold attacks.


Message History

You hit the howler monkey but do no damage.
The howler monkey is severely wounded.
The bat hits you but does no damage.
The leopard gecko bites you but does no damage.
The howler monkey hoots and howls with incredible vigour!
You closely miss the howler monkey.
The howler monkey is severely wounded.
The bat hits you but does no damage. The leopard gecko misses you.
The bat completely misses you. The howler monkey hits you.
* * * LOW HITPOINT WARNING * * *
The leopard gecko bites you but does no damage.
You hit the howler monkey but do no damage.
The howler monkey is heavily wounded.
The bat misses you. The howler monkey closely misses you.
The leopard gecko misses you.
You hit the howler monkey.
The howler monkey is severely wounded.
The bat misses you. The bat hits you but does no damage.
The howler monkey hits you.
You die...

#..######### ..
#.รท.#### #.
#####......# .
#.......#..###..
#......###....
#..##..###..##
#.. ##..#..##
##...##.....##..
#.....h@b........
#..##..l......##.
##..._...##
#.........#
.............
#..##.....##...
#.# #..#..# #..
#. ..###..


You could see a howler monkey, a leopard gecko and a bat.

Vanquished Creatures
  Jessica (D:2)
  An adder (D:2)
  A leopard gecko (D:3)
  2 giant cockroaches
  4 goblins
  2 hobgoblins
  3 kobolds (D:1)
  3 rats (D:1)
17 creatures vanquished.

Vanquished Creatures (others)
  2 withered plants (D:2)
2 creatures vanquished.

Grand Total: 19 creatures vanquished

Notes
Turn   | Place    | Note
-------+----------+-------------------------------------------
     0 | D:1      | Athtar123 the Draconian Monk began the quest for the Orb.
     0 | D:1      | Reached XP level 1. HP: 19/19 MP: 1/1
   484 | D:1      | Reached XP level 2. HP: 26/26 MP: 2/2
   596 | D:2      | Noticed Robin
   858 | D:2      | Found a bloodstained altar of Trog.
   858 | D:2      | Found a shadowy altar of Dithmenos.
   880 | D:2      | Reached skill level 4 in Unarmed Combat
   947 | D:2      | Noticed Jessica
   955 | D:2      | Killed Jessica
   955 | D:2      | Reached XP level 3. HP: 15/31 MP: 3/3
  1078 | D:3      | Found a shadowy altar of Dithmenos.
  1100 | D:3      | Slain by a howler monkey

Vault maps used:
D:1:      dpeg_arrival_tiny_h, minivault_4
D:2:      kiku_gazebo_garden_becter, gammafunk_temple_overflow_wave,
          lemuel_doored_altar, uniq_jessica, uniq_crazy_yiuf_cottage, uniq_robin
D:3:      tgw_fedhas, nicolae_dithmenos_shadow_blocks

Skill      XL: |  1  2 |
---------------+-------+-----
Unarmed Combat | 4 |  4.6
Fighting       | |  3.2
Dodging        | |  2.6
Stealth        | |  1.7

Action                   || total
-------------------------++-------
Melee: Unarmed           ||    77
       Tailslap          ||     2
       Punch             ||     1
 Stab: Distracted        ||     1
  Eat: Chunk             ||     1
Armor: Skin              ||    29
Dodge: Dodged            ||    55
